 Dungeon Crawl Stone Soup version 0.30-a0-149-g7f746667c4 (webtiles) character file.

Game seed: 16801050493051579771

480 zishaf the Magician (level 7, -1/51 HPs)
             Began as a Djinni Venom Mage on Sept 26, 2022.
             Slain by Grinder (7 damage)
             ... on level 3 of the Dungeon.
             The game lasted 00:07:25 (4107 turns).

zishaf the Magician (Djinni Venom Mage)             Turns: 4107, Time: 00:07:25

Health: -1/51      AC:  3    Str:  7    XL:     7   Next: 34%
Gold:   128        EV: 12    Int: 18    God:
                   SH:  0    Dex: 14

rFire   + + +      SeeInvis .    j - +2 hammer (holy)
rCold   x . .      Faith    .    (no shield)
rNeg    . . .      Spirit   .    a - +0 robe
rPois   ∞          Reflect  .    (no helmet)
rElec   .          Harm     .    i - +0 cloak
rCorr   .          Rampage  .    (no gloves)
Will    .....                    (boots unavailable)
Stlth   ++........               (no amulet)
HPRegen 0.17/turn                m - ring of protection from fire
MPRegen 0.00/turn                (no ring)

@: sluggish, flying, very slow
A: sickness immunity, fire resistance 2, cold vulnerability 1, float, innate
caster, HP casting, extra vitality 1
a: no special abilities


You were on level 3 of the Dungeon.
You visited 1 branch of the dungeon, and saw 3 of its levels.
You also visited: Sewer.

You collected 128 gold pieces.

Inventory:

Hand Weapons
 j - a +2 hammer of holy wrath (weapon)
Armour
 a - a +0 robe (worn)
 i - a +0 cloak (worn)
Jewellery
 m - a ring of protection from fire (left hand)
Scrolls
 b - 2 scrolls of magic mapping {unknown}
 f - 6 scrolls of identify {unknown}
 h - 2 scrolls of enchant armour {unknown}
 l - a scroll of fog {unknown}
 n - a scroll of noise {unknown}
 r - a scroll of enchant weapon {unknown}
 t - a scroll of teleportation {unknown}
Potions
 c - a potion of berserk rage {unknown}
 d - a potion of lignification {unknown}
 e - 4 potions of flight {unknown}
 g - a potion of mutation {unknown}
 k - a potion of degeneration {unknown}
 o - a potion of resistance {unknown}
 p - a potion of curing {unknown}
 q - a potion of might {unknown}
 s - 2 potions of heal wounds {unknown}


   Skills:
 + Level 3.9 Fighting
 - Level 2.1 Dodging
 - Level 1.5 Stealth
 * Level 5.1 Spellcasting


You couldn't memorise any spells.
You knew the following spells:

 Your Spells              Type           Power      Damage    Failure   Level
a - Sting                 Tmut/Pois      92%        1d7       1%          1
b - Poisonous Vapours     Pois/Air       46%        N/A       2%          2
c - Swiftness             Air            23%        N/A       4%          3
z - Mephitic Cloud        Conj/Pois/Air  23%        N/A       4%          3
A - Olgreb's Toxic Radia  Pois           23%        N/A       16%         4
B - Freeze                Ice            92%        1d10      1%          1
C - Blink                 Tloc           46%        N/A       2%          2
Your spell library was empty.

Dungeon Overview and Level Annotations

Branches:
Dungeon (3/15)              Sewer (visited)

Altars:
Cheibriados

Annotations:
D:2 Natasha
D:3 Grinder


Innate Abilities, Weirdness & Mutations

You are immune to sickness and miasma.
You are immune to poison.
Your flesh is very heat resistant. (rF++)
You are vulnerable to cold. (rC-)
You float through the air rather than walking.
You learn spells naturally, not from books.
Your magical power is your life essence.
You have superior vitality. (+4 MHP)


Message History

You suddenly lose the ability to move!
Grinder hits you.
You can move again.
You closely miss Grinder.
Grinder is heavily wounded.
Grinder gestures at you. Pain shoots through your body!
* * * LOW HITPOINT WARNING * * *
Unknown command.
You hit Grinder but do no damage.
Grinder is heavily wounded.
You feel sluggish.
Grinder splashes around in the water.
Grinder blinks!
You barely miss Grinder.
Grinder is heavily wounded.
Grinder closely misses you.
Unknown command.
You barely miss Grinder.
Grinder is heavily wounded.
Grinder barely misses you.
You barely miss Grinder.
Grinder is heavily wounded.
Grinder hits you.
* * * LOW HITPOINT WARNING * * *
Grinder hits you but does no damage.
Unknown command.
You hit Grinder.
Grinder convulses.
Grinder is severely wounded.
Grinder splashes around in the water.
You hit Grinder.
Grinder convulses.
Grinder is severely wounded.
Grinder hits you but does no damage.
Grinder says, "There's only one good use for a tongue: cutting it out."
Grinder hits you.
* * * LOW HITPOINT WARNING * * *
Unknown command.
You thump Grinder!
Grinder convulses.
Grinder is almost dead.
Grinder hits you!
You die...

....... [.##... ....... #
......# .# #####.#### #.#
[.$..# #... . #.##.#
##..#### ### .#
#.##.####.'##~~###~#
.####.........#~@~~~~'.#
..............#~~5~~~'~#
.........#)...'##~~###~#
##########.#....####.###.
#....##.####..........
####....##.#............#
...........#+###.########
...................#
...................#


You could see Grinder.

Vanquished Creatures
  2 bullfrogs (Sewer)
  Crazy Yiuf (D:2)
  Jessica (D:3)
  Terence (D:2)
  Natasha (D:2)
  8 adders
  10 river rats
  A worm (D:3)
  2 dart slugs (D:1)
  6 endoplasms
  A giant cockroach (D:1)
  2 goblins (D:3)
  7 hobgoblins
  5 kobolds
  3 quokkas
  15 ball pythons
  2 bats (D:1)
  5 frilled lizards
  24 rats
97 creatures vanquished.

Notes
Turn   | Place    | Note
-------+----------+-------------------------------------------
     0 | D:1      | zishaf the Djinni Venom Mage began the quest for the Orb.
     0 | D:1      | zishaf set off with the following spells memorised: Sting,
                  | Poisonous Vapours, Mephitic Cloud, Olgreb's Toxic Radiance.
     0 | D:1      | Reached XP level 1. HP: 15/15 MP: 0/0
   387 | D:1      | Reached XP level 2. HP: 4/22 MP: 0/0
   933 | D:1      | Reached skill level 1 in Fighting
  1260 | D:1      | Reached XP level 3. HP: 20/27 MP: 0/0
  1260 | D:1      | Learned a level 1 spell: Freeze
  1353 | D:1      | Reached skill level 3 in Spellcasting
  1522 | D:2      | Found a faded altar of an unknown god.
  1622 | D:2      | Found a runed translucent door.
  1623 | D:2      | Noticed Crazy Yiuf
  1649 | D:2      | Killed Crazy Yiuf
  1650 | D:2      | Reached XP level 4. HP: 2/33 MP: 0/0
  2053 | D:2      | Noticed Terence
  2069 | D:2      | Killed Terence
  2164 | D:2      | Found a snail-covered altar of Cheibriados.
  2271 | D:2      | Noticed Natasha
  2278 | D:2      | Killed Natasha
  2279 | D:2      | Reached XP level 5. HP: 33/39 MP: 0/0
  2279 | D:2      | Learned a level 2 spell: Blink
  2637 | D:2      | Noticed Natasha
  2675 | D:3      | Noticed Jessica
  2683 | D:3      | Killed Jessica
  2685 | D:3      | Reached skill level 4 in Spellcasting
  2821 | D:3      | Reached XP level 6. HP: 19/45 MP: 0/0
  2852 | D:3      | Noticed Grinder
  2853 | D:3      | Found a glowing drain.
  2857 | Sewer    | Entered a sewer
  3788 | Sewer    | Reached XP level 7. HP: 8/51 MP: 0/0
  3788 | Sewer    | Learned a level 3 spell: Swiftness
  3792 | Sewer    | Reached skill level 5 in Spellcasting
  4090 | D:3      | Paralysed by Grinder for 3 turns
  4098 | D:3      | Paralysed by Grinder for 2 turns
  4107 | D:3      | Slain by Grinder

Illustrated notes

Levels and vault maps discovered:
D:1:      ncdulo_watergridlock, layout_loops_ring
D:2:      layout_basic, ebering_ecumenical_altar_sacrificial, basic_altar,
          uniq_natasha, uniq_crazy_yiuf_cottage, uniq_terence
D:3:      layout_basic, gup_sewer_entry_bowl, minmay_misc_feat_roman,
          uniq_jessica, uniq_grinder

Skill      XL: |  1  2  3  4  5  6  7 |
---------------+----------------------+-----
Fighting       | 1 2 3 |  3.9
Spellcasting   | 3 4 5 |  5.1
Dodging        | |  2.1
Stealth        | |  1.5

Action                   |  1- 3 |  4- 6 |  7- 9 || total
-------------------------+-------+-------+-------++-------
Melee: Mace              |       |     9 |    13 ||    22
 Cast: Sting             |    47 |    97 |     2 ||   146
       Poisonous Vapours |     5 |     9 |       ||    14
       Mephitic Cloud    |     1 |     2 |       ||     3
       Olgreb's Toxic Ra |       |     4 |       ||     4
       Freeze            |       |       |     1 ||     1
       Swiftness         |       |       |     1 ||     1
 Stab: Confused          |       |     1 |       ||     1
Armor: Robe              |     3 |    12 |     4 ||    19
Dodge: Dodged            |     9 |    32 |     3 ||    44

Table legend: (Time is in decaauts)
 A = Elapsed time spent in this place.
 B = Non-inter-level travel time spent in this place.
 C = Inter-level travel time spent in this place.
 D = Time resting spent in this place.
 E = Time spent auto-exploring this place.
 F = Levels seen in this place.
 G = Mean time per level.
                   A        B        C        D        E       F      G
               +--------+--------+--------+--------+--------+-----+--------+
         Total |   4122 |   4097 |     25 |    869 |   2567 |   4 | 1030.5 |
       Dungeon |   2895 |   2870 |     25 |    379 |   2000 |   3 |  965.0 |
         Sewer |   1226 |   1226 |      0 |    490 |    567 |   1 | 1226.0 |
               +--------+--------+--------+--------+--------+-----+--------+

Top non-repeatable levels by time:
     D:1: 1439 daAuts
     D:2: 1237 daAuts
   Sewer: 1226 daAuts
     D:3: 218 daAuts
